 Dungeon Crawl Stone Soup version 0.27.1 (webtiles) character file.

Game seed: 7775733851247217344

91 Atelerd the Stinger (level 4, 0/40 HPs)
             Began as an Octopode Venom Mage on Sept 1, 2021.
             Frozen to death by an endoplasm (2 damage)
             ... on level 2 of the Dungeon.
             The game lasted 00:02:06 (2131 turns).

Atelerd the Stinger (Octopode Venom Mage)           Turns: 2131, Time: 00:02:07

Health: 0/40       AC:  1    Str:  7    XL:     4   Next: 57%
Magic:  1/8        EV: 13    Int: 18    God:
Gold:   53         SH:  0    Dex: 12    Spells: 4/8 levels left

rFire    . . .     SeeInvis .   h - +1 dagger (venom)
rCold    . . .     Faith    .   (no shield)
rNeg     . . .     Spirit   .   (helmet restricted)
rPois    .         Reflect  .   (no amulet)
rElec    .         Harm     .   (no ring)
rCorr    .         Rampage  .   (no ring)
Will     .....                  (no ring)
Stlth    ..........             (no ring)
HPRegen  0.13/turn              (no ring)
MPRegen  0.11/turn              (no ring)
                                (no ring)
                                (no ring)

@: berserking, very quick
A: almost no armour, amphibious, 8 rings, camouflage 1, gelatinous body 1,
(nimble swimmer 1), tentacles
a: no special abilities


You were on level 2 of the Dungeon.
You visited 1 branch of the dungeon, and saw 2 of its levels.

You collected 53 gold pieces.

Inventory:

Hand Weapons
 c - a +0 dagger
 h - a +1 dagger of venom (weapon)
Missiles
 i - a throwing net
Scrolls
 a - a scroll of noise {unknown}
 b - a scroll of magic mapping {unknown}
 e - a scroll of identify {unknown}
 f - a scroll of blinking {unknown}
Potions
 d - a potion of lignification {unknown}
 g - a potion of attraction {unknown}
 k - a potion of curing {unknown}
 l - a potion of flight {unknown}
 m - a potion of mutation {unknown}
 n - a potion of degeneration {unknown}


   Skills:
 - Level 2.0 Dodging
 + Level 4.0 Stealth
 + Level 2.7 Spellcasting
 + Level 2.2 Transmutations
 + Level 4.4 Poison Magic


You had 4 spell levels left.
You knew the following spells:

 Your Spells              Type           Power      Damage    Failure   Level
a - Sting                 Tmut/Pois      56%        1d5       4%          1
b - Mephitic Cloud        Conj/Pois/Air  7%         N/A       26%         3

Your spell library contained the following spells:

 Spells                   Type           Power      Damage    Failure   Level
 Poisonous Vapours        Pois/Air       20%        N/A       10%         2
 Olgreb's Toxic Radiance  Pois           18%        N/A       26%         4


Dungeon Overview and Level Annotations

Branches:
Dungeon (2/15)

Altars:

Annotations:
D:2 Natasha


Innate Abilities, Weirdness & Mutations

You cannot wear most types of armour.
You are amphibious.
You can wear up to eight rings at the same time.
Your skin changes colour to match your surroundings (Stealth+).
Your rubbery body absorbs attacks. (AC +1, EV +1)
((You are camouflaged near water. (Stealth+)))
You have tentacles for arms and can constrict up to eight enemies at once.


Message History

Unknown command.
You hit the adder. Your grab misses the adder.
The adder is moderately wounded.
You feel sick.
You are no longer poisoned.
The hobgoblin looks more healthy.
The adder bites you.
* * * LOW HITPOINT WARNING * * *
The dart slug bites you but does no damage.
Unknown command.
It was a potion of berserk rage.
A red film seems to cover your vision as you go berserk!
You feel yourself moving faster!
You feel mighty! Natasha claws you.
* * * LOW HITPOINT WARNING * * *
The adder misses you.
You puncture the adder!
You kill the adder!
The dart slug closely misses you.
Unknown command.
You puncture the dart slug!
The dart slug is poisoned.
You grab the dart slug.
The dart slug is almost dead.
You constrict the dart slug, but do no damage.
You closely miss the hobgoblin. You grab the hobgoblin.
The hobgoblin is almost dead.
You constrict the hobgoblin.
You kill the hobgoblin!
You constrict the dart slug, but do no damage.
You kill the dart slug!
Your Stealth skill increases to level 4!
You barely miss the frilled lizard. You grab the frilled lizard.
You squeeze the frilled lizard.
You kill the frilled lizard!
The endoplasm hits you.
* * * LOW HITPOINT WARNING * * *
Unknown command.
Unknown command.
You hit the endoplasm.
The endoplasm is almost dead.
The endoplasm freezes you.
You are frozen.
You die...

#.# ... #.# ...# .#...#
#.#.# #... .....#
#.#.## ...## ####....#
#.#.#. #... ..)#....#
#.#.#. #.##.. ).$#....#
#.#.#♣ #...hJ#†.?#....#
#.#.♣♣
#@####....♣♣♣.#.♣P
..#†#........♣.♣♣.♣♣.
#.##....#...♣P♣.♣♣..
#.#......#...♣P.P♣♣.♣
#.##......#..#♣♣.P.♣..
#$#...###..#....♣♣..PP.
###........##.###♣♣..P♣
...##...........#.♣♣♣.
### #.###..#.##)#.♣ ♣


You could see Natasha (confused) and an endoplasm.

Vanquished Creatures
  2 adders (D:2)
  3 gnolls (D:2)
  2 dart slugs (D:2)
  An orc (D:2)
  5 ball pythons
  4 endoplasms
  2 giant cockroaches (D:1)
  3 goblins (D:1)
  2 hobgoblins (D:2)
  4 kobolds
  2 quokkas (D:1)
  3 bats
  4 frilled lizards
  4 rats
41 creatures vanquished.

Vanquished Creatures (others)
  3 plants (D:2)
3 creatures vanquished.

Grand Total: 44 creatures vanquished

Notes
Turn   | Place    | Note
-------+----------+-------------------------------------------
     0 | D:1      | Atelerd the Octopode Venom Mage began the quest for the
                  | Orb.
     0 | D:1      | Reached XP level 1. HP: 11/11 MP: 3/3
   435 | D:1      | Reached XP level 2. HP: 15/17 MP: 5/5
  1032 | D:1      | Found a faded altar of an unknown god.
  1152 | D:1      | Reached XP level 3. HP: 21/21 MP: 6/6
  1156 | D:1      | Learned a level 3 spell: Mephitic Cloud
  1885 | D:2      | Reached XP level 4. HP: 27/27 MP: 7/7
  2117 | D:2      | Noticed Natasha
  2130 | D:2      | HP: 2/40 [endoplasm (2)]
  2131 | D:2      | Frozen to death by an endoplasm

Illustrated notes

Levels and vault maps discovered:
D:1:      saegor_arrival_simple_c, layout_loops_ring,
          chequers_ecumenical_altar_simple_redux, chequers_serial_rivers_large_b
D:2:      layout_basic, serial_shops, nicolae_shop_competitors_out_of_business,
          serial_forest, infiniplex_forest_lined_room_3,
          infiniplex_forest_lined_corner, infiniplex_forest_split,
          infiniplex_forest_corner_1, infiniplex_forest_clump_small,
          infiniplex_forest_end_2, minmay_vboxes, uniq_natasha

Skill      XL: |  1  2  3  4 |
---------------+-------------+-----
Stealth        | 3 4 |  4.0
Poison Magic   | 4 |  4.4
Transmutations | 2 |  2.2
Dodging        | |  2.0
Spellcasting   | |  2.7

Action                   |  1- 3 |  4- 6 || total
-------------------------+-------+-------++-------
Melee: Unarmed           |    10 |       ||    10
       Dagger            |    40 |    17 ||    57
       Constrict         |    10 |     4 ||    14
       Tentacles         |     7 |     2 ||     9
 Cast: Sting             |     6 |     4 ||    10
       Mephitic Cloud    |     1 |     1 ||     2
  Use: Potion            |       |     1 ||     1
 Stab: Sleeping          |     9 |     6 ||    15
       Confused          |     1 |       ||     1
Armor: Skin              |     6 |     1 ||     7
Dodge: Dodged            |    25 |    12 ||    37
